 Dungeon Crawl Stone Soup version 0.28-a0-1143-gcf6077d4cc (webtiles) character file.

Game seed: 13133978419804975074

326 Blackjack the Conjurer (level 6, 0/44 HPs)
             Began as a Gnoll Conjurer on Dec 13, 2021.
             Slain by a rat (3 damage)
             ... on level 4 of the Dungeon.
             The game lasted 00:13:18 (3407 turns).

Blackjack the Conjurer (Gnoll Conjurer)             Turns: 3407, Time: 00:13:19

Health: 0/44       AC:  2    Str:  6    XL:     6   Next: 49%
Magic:  14/14      EV: 13    Int: 19    God:
Gold:   101        SH:  0    Dex: 11    Spells: 4/15 levels left

rFire   . . .      SeeInvis .   j - +1 spear (venom)
rCold   . . .      Faith    .   (no shield)
rNeg    . . .      Spirit   .   a - +0 robe
rPois   .          Reflect  .   (no helmet)
rElec   .          Harm     .   (no cloak)
rCorr   .          Rampage  .   (no gloves)
Will    .....                   (no boots)
Stlth   +++.......              (no amulet)
HPRegen 0.14/turn               (no ring)
MPRegen 0.14/turn               (no ring)

@: no status effects
A: fangs 1, strong nose, distributed training
a: no special abilities


You were on level 4 of the Dungeon.
You visited 1 branch of the dungeon, and saw 4 of its levels.

You collected 172 gold pieces.
You spent 71 gold pieces at shops.

Inventory:

Hand Weapons
 j - a +1 spear of venom (weapon)
Missiles
 o - a throwing net
Armour
 a - a +0 robe (worn)
Scrolls
 b - a scroll of silence {unknown}
 c - a scroll of vulnerability {unknown}
 e - a scroll of amnesia {unknown}
 f - a scroll of magic mapping {unknown}
 g - 4 scrolls of immolation
 h - a scroll of teleportation {unknown}
 k - a scroll of fog {unknown}
 l - 3 scrolls of identify
 p - a scroll of brand weapon {unknown}
 q - a scroll of noise {unknown}
Potions
 d - a potion of berserk rage {unknown}
 i - 3 potions of flight {unknown}
 n - 2 potions of curing {unknown}
 r - a potion of brilliance {unknown}
 s - a potion of ambrosia {unknown}


   Skills:
 + Level 2.0 Fighting
 + Level 2.0 Short Blades
 + Level 2.0 Long Blades
 + Level 2.0 Axes
 + Level 2.0 Maces & Flails
 + Level 2.0 Polearms
 + Level 2.0 Staves
 + Level 2.0 Slings
 + Level 2.0 Bows
 + Level 2.0 Crossbows
 + Level 2.0 Throwing
 + Level 2.0 Armour
 + Level 5.0 Dodging
 + Level 4.6 Stealth
 + Level 2.0 Shields
 + Level 2.0 Unarmed Combat
 + Level 5.4 Spellcasting
 + Level 7.3 Conjurations
 + Level 1.5 Hexes
 + Level 1.5 Summonings
 + Level 1.5 Necromancy
 + Level 1.5 Translocations
 + Level 1.5 Transmutations
 + Level 1.5 Fire Magic
 + Level 1.5 Ice Magic
 + Level 1.5 Air Magic
 + Level 1.5 Earth Magic
 + Level 1.5 Poison Magic
 + Level 2.2 Invocations
 + Level 2.0 Evocations


You had 4 spell levels left.
You knew the following spells:

 Your Spells              Type           Power      Damage    Failure   Level
a - Magic Dart            Conj           100%       1d8       1%          1
b - Searing Ray           Conj           64%        2d6       1%          2
c - Fulminant Prism       Conj/Hex       11%        3d9       19%         4
d - Iskenderun's Mystic   Conj/Tloc      22%        2d6       19%         4

Your spell library contained the following spells:

 Spells                   Type           Power      Damage    Failure   Level
 Sting                    Tmut/Pois      44%        1d5       6%          1
 Dazzling Flash           Conj/Hex       44%        N/A       6%          3
 Mephitic Cloud           Conj/Pois/Air  18%        N/A       9%          3
 Poisonous Vapours        Pois/Air       22%        N/A       10%         2
 Ignite Poison            Fire/Tmut/Pois 11%        N/A       19%         3
 Olgreb's Toxic Radiance  Pois           11%        N/A       52%         4
 Freezing Cloud           Conj/Ice/Air   9%         6-21      61%         5
 Malign Gateway           Summ/Tloc      5%         N/A       100%        7
 Summon Horrible Things   Summ           5%         N/A       100%        8


Dungeon Overview and Level Annotations

Branches:
Dungeon (4/15)             Temple (0/1) D:4

Altars:

Shops:
D:3 ?

Portals:
Sewer: D:4


Innate Abilities, Weirdness & Mutations

You have very sharp teeth.
Your uncanny sense of smell can sniff out nearby items.
Your experience applies equally to all skills.


Message History

The ball python hisses angrily.
You kill the giant cockroach!
The river rat bites you. The ball python barely misses you.
The ball python grabs you. The ball python constricts you.
The ball python barely misses you. The ball python constricts you.
The river rat twitches its whiskers.
The river rat bites you. x2
You escape the ball python's grasp.
The river rat bites you. The ball python closely misses you.
The ball python grabs you. The ball python constricts you.
The ball python's grasp on you weakens, but your attempt to escape fails.
The ball python bites you. The ball python constricts you.
The giant cockroach splashes around in the water.
The river rat barely misses you. The ball python bites you.
The ball python constricts you.
You escape the ball python's grasp.
The giant cockroach misses you. The river rat bites you.
* * * LOW HITPOINT WARNING * * *
The giant cockroach barely misses you. The river rat barely misses you.
You open the door.
A rat comes into view.
The giant cockroach closely misses you. The river rat bites you.
* * * LOW HITPOINT WARNING * * *
The river rat bites you.
* * * LOW HITPOINT WARNING * * *
A rat and a giant cockroach come into view.
Found a glowing drain.
There is an open door here.
As you read the scroll of fear, it crumbles to dust.
You assume a fearsome visage.
The river rat looks frightened!
The giant cockroach looks frightened! x2; The ball python looks frightened!
The rat looks frightened!
The river rat looks frightened!
The rat looks frightened!
You enter the shallow water.
Moving in this stuff is going to be slow.
Cornered, the rat turns to fight!
There is a glowing drain here.
The rat bites you.
You die...

#.########
#.......B#
#...S....#
#.....r≈≈#
#...≈†r≈≈#
#...≈≈≈≈≈#
#...≈###'#
#.≈.≈#≈≈≈#
#.≈.≈#≈@≈#
#.≈.≈+rBr#
##########


You could see 2 giant cockroaches and 2 rats.

Vanquished Creatures
  Menkaure (D:4)
  An iguana (D:4)
  An orc wizard (D:3)
  3 gnolls
  5 adders
  4 worms
  2 dart slugs (D:1)
  5 orcs
  12 ball pythons
  5 endoplasms
  5 giant cockroaches
  5 goblins
  2 hobgoblins
  5 bats
  2 frilled lizards (D:1)
  11 kobolds
  2 rats
71 creatures vanquished.

Notes
Turn   | Place    | Note
-------+----------+-------------------------------------------
     0 | D:1      | Blackjack the Gnoll Conjurer began the quest for the Orb.
     0 | D:1      | Reached XP level 1. HP: 13/13 MP: 6/6
   324 | D:1      | Reached XP level 2. HP: 19/19 MP: 5/7
   327 | D:1      | Learned a level 2 spell: Searing Ray
   518 | D:1      | You fall into a shaft and drop 1 floor!
   672 | D:1      | Reached XP level 3. HP: 25/25 MP: 1/9
   759 | D:1      | Reached skill level 5 in Spellcasting
  1174 | D:1      | Reached skill level 1 in Invocations
  1215 | D:2      | Reached skill level 1 in Fighting
  1215 | D:2      | Reached skill level 1 in Short Blades
  1215 | D:2      | Reached skill level 1 in Long Blades
  1215 | D:2      | Reached skill level 1 in Axes
  1215 | D:2      | Reached skill level 1 in Maces & Flails
  1215 | D:2      | Reached skill level 1 in Polearms
  1215 | D:2      | Reached skill level 1 in Staves
  1215 | D:2      | Reached skill level 1 in Slings
  1215 | D:2      | Reached skill level 1 in Bows
  1215 | D:2      | Reached skill level 1 in Crossbows
  1215 | D:2      | Reached skill level 1 in Throwing
  1215 | D:2      | Reached skill level 1 in Armour
  1215 | D:2      | Reached skill level 1 in Shields
  1215 | D:2      | Reached skill level 1 in Unarmed Combat
  1215 | D:2      | Reached skill level 1 in Evocations
  1272 | D:2      | Reached XP level 4. HP: 32/32 MP: 3/11
  1536 | D:2      | Found a faded altar of an unknown god.
  1819 | D:2      | Reached skill level 1 in Hexes
  1819 | D:2      | Reached skill level 1 in Summonings
  1819 | D:2      | Reached skill level 1 in Necromancy
  1819 | D:2      | Reached skill level 1 in Translocations
  1819 | D:2      | Reached skill level 1 in Transmutations
  1819 | D:2      | Reached skill level 1 in Fire Magic
  1819 | D:2      | Reached skill level 1 in Ice Magic
  1819 | D:2      | Reached skill level 1 in Air Magic
  1819 | D:2      | Reached skill level 1 in Earth Magic
  1819 | D:2      | Reached skill level 1 in Poison Magic
  1856 | D:2      | Learned a level 4 spell: Fulminant Prism
  1861 | D:2      | Learned a level 4 spell: Iskenderun's Mystic Blast
  2033 | D:3      | Found Furul's Magic Scroll Boutique.
  2038 | D:3      | Bought a scroll of identify for 26 gold pieces
  2038 | D:3      | Bought a scroll of fear for 45 gold pieces
  2172 | D:3      | Reached XP level 5. HP: 29/37 MP: 3/12
  2902 | D:4      | Found a staircase to the Ecumenical Temple.
  3092 | D:4      | Noticed Menkaure
  3097 | D:4      | Killed Menkaure
  3098 | D:4      | Reached skill level 5 in Dodging
  3098 | D:4      | Reached XP level 6. HP: 26/44 MP: 8/14
  3402 | D:4      | HP: 2/44 [river rat (3)]
  3403 | D:4      | Found a glowing drain.
  3407 | D:4      | Slain by a rat

Illustrated notes

Levels and vault maps discovered:
D:1:      minmay_arrival_jagged, layout_basic
D:2:      layout_rooms, hellmonk_ecumenical_altar_blasted
D:3:      layout_basic, serial_shops, shop
D:4:      layout_cave_pools, minmay_temple_entry_grid, portal_sewer_entry_e,
          uniq_menkaure

Skill      XL: |  1  2  3  4  5  6 |
---------------+-------------------+-----
Spellcasting   | 5 |  5.4
Invocations    | 1 2 |  2.2
Fighting       | 1 2 |  2.0
Short Blades   | 1 2 |  2.0
Long Blades    | 1 2 |  2.0
Axes           | 1 2 |  2.0
Maces & Flails | 1 2 |  2.0
Polearms       | 1 2 |  2.0
Staves         | 1 2 |  2.0
Slings         | 1 2 |  2.0
Bows           | 1 2 |  2.0
Crossbows      | 1 2 |  2.0
Throwing       | 1 2 |  2.0
Armour         | 1 2 |  2.0
Shields        | 1 2 |  2.0
Unarmed Combat | 1 2 |  2.0
Evocations     | 1 2 |  2.0
Hexes          | 1 |  1.5
Summonings     | 1 |  1.5
Necromancy     | 1 |  1.5
Translocations | 1 |  1.5
Transmutations | 1 |  1.5
Fire Magic     | 1 |  1.5
Ice Magic      | 1 |  1.5
Air Magic      | 1 |  1.5
Earth Magic    | 1 |  1.5
Poison Magic   | 1 |  1.5
Dodging        | 5 |  5.0
Stealth        | |  4.6
Conjurations   | |  7.3

Action                   |  1- 3 |  4- 6 || total
-------------------------+-------+-------++-------
Melee: Spear             |       |     1 ||     1
 Cast: Magic Dart        |    39 |    38 ||    77
       Searing Ray       |     5 |    21 ||    26
  Use: Scroll            |       |     1 ||     1
Dodge: Dodged            |     8 |    10 ||    18

Table legend: (Time is in decaauts)
 A = Elapsed time spent in this place.
 B = Non-inter-level travel time spent in this place.
 C = Inter-level travel time spent in this place.
 D = Time resting spent in this place.
 E = Time spent auto-exploring this place.
 F = Levels seen in this place.
 G = Mean time per level.
                   A        B        C        D        E       F      G
               +--------+--------+--------+--------+--------+-----+--------+
         Total |   3412 |   3344 |     68 |     45 |   2753 |   4 |  853.0 |
       Dungeon |   3412 |   3344 |     68 |     45 |   2753 |   4 |  853.0 |
               +--------+--------+--------+--------+--------+-----+--------+

Top non-repeatable levels by time:
     D:1: 1191 daAuts
     D:3: 908 daAuts
     D:2: 804 daAuts
     D:4: 507 daAuts
